 Dungeon Sprint DCSS version 0.30-a0-1161-g0704695555 (webtiles) character file.

Game seed: 6398131362449030331

7900000 123456 the Invulnerable (level 27, -25/292 HPs)
             Began as an Armataur Wanderer on Apr 27, 2023.
             Was the Champion of Makhleb.
             Annihilated by a meat berserker
             ... wielding a +9 battleaxe
              (74 damage)
             ... in the Dungeon (Sprint VIII: "Arena of Blood").
             The game lasted 00:02:35 (79 turns).

123456 the Invulnerable (Armataur Wanderer)           Turns: 79, Time: 00:02:36

Health: -25/292    AC: 13    Str: 21    XL:     27
Magic:  28/54      EV: 21    Int: 14    God:    Makhleb [******]
Gold:   0          SH:  0    Dex: 19    Spells: 80/80 levels left

rFire   . . .        j - +∞ Axe of Woe
rCold   . . .        (shield currently unavailable)
rNeg    . . .        b - +0 scale mail
rPois   .            (no helmet)
rElec   .            (no cloak)
rCorr   .            (no gloves)
SInv    .            (no barding)
Will    ++...        (no amulet)
Stlth   ++++++++     (no ring)
HPRegen 0.68/turn    (no ring)
MPRegen 0.34/turn

%: no teleportation, roll
@: marked, slowed, very slow
A: large, rugged brown scales 3, deformed body, armoured tail, roll, long
tongue, awkward tongue
a: Renounce Religion, Minor Destruction, Lesser Servant of Makhleb, Major
Destruction, Greater Servant of Makhleb


You were in the Dungeon.
You worshipped Makhleb.
Makhleb was exalted by your worship.
You visited 1 branch

Inventory:

Hand Weapons
 a - a +0 club
 j - the +∞ Axe of Woe (weapon)
   (You found it in the Dungeon)
Armour
 b - a +0 scale mail (worn)
Scrolls
 c - 2 scrolls of blinking
Potions
 d - a potion of lignification
 e - a potion of curing
 f - a potion of heal wounds
 g - a potion of haste
 h - 2 potions of magic
 i - a potion of berserk rage


   Skills:
 O Level 27 Fighting
 + Level 25.5(27) Short Blades
 + Level 23.9(27) Long Blades
 O Level 27 Axes
 + Level 23.9(27) Maces & Flails
 + Level 22.2(27) Polearms
 + Level 23.9(27) Staves
 + Level 20.5 Ranged Weapons
 O Level 27 Throwing
 O Level 27 Armour
 + Level 22.0 Dodging
 O Level 27 Stealth
 O Level 27 Shields
 + Level 25.5 Unarmed Combat
 O Level 27 Spellcasting
 O Level 27 Conjurations
 + Level 25.5 Hexes
 + Level 24.0 Summonings
 + Level 23.7 Necromancy
 O Level 27 Translocations
 + Level 25.6 Transmutations
 + Level 25.5 Fire Magic
 + Level 25.5 Ice Magic
 + Level 25.9 Air Magic
 + Level 25.9 Earth Magic
 + Level 25.9 Poison Magic
 O Level 27 Invocations
 O Level 27 Evocations


You had 80 spell levels left.
You didn't know any spells.
Your spell library contained the following spells:

 Spells                   Type           Power      Damage    Failure   Level
 Foxfire                  Conj/Fire      100%       2x1d9     0%          1
 Magic Dart               Conj           100%       1d8       0%          1
 Searing Ray              Conj           100%       2d8       0%          2


Dungeon Overview and Level Annotations

Branches:
Dungeon (1/1)

Altars:
Makhleb


Innate Abilities, Weirdness & Mutations

You are completely covered in rugged brown scales. (AC +3, +7% HP)
Armour fits poorly on your strangely shaped body.
You have a long armoured tail.
You roll when moving toward enemies. (Rampage)
Your long tongue fully drains potion bottles. (2x potion effects)
Your tongue gives you trouble enunciating. (1.5x scroll delay)


Message History

You feel better.
The accursed points at you and mumbles some strange words.
Something smites you!
You hear a shout! x2
The large bag of meat is engulfed in blazing flames.
The dread calls on the powers of darkness!
The bag of meat convulses!
The meat berserker convulses!
The bag of meat convulses!
The meat berserker convulses! x2
Your body is wracked with pain!
* * * LOW HITPOINT WARNING * * *
The large bag of meat convulses!
Flame seeps out of the large bag of meat.
The meat berserker convulses!
The bag of meat convulses!
The large bag of meat convulses!
Flame seeps out of the large bag of meat.
The bag of meat convulses!
The meat berserker convulses!
The bag of meat convulses! x2; The meat berserker convulses!
The bag of meat convulses! x2; The large bag of meat convulses!
Flame seeps out of the large bag of meat.
The meat berserker convulses!
The bag of meat convulses! x6
The meat berserker convulses! x2
A sculptor of flesh comes into view. It is wielding a +9 great sword.
You hear a shout!
The meat berserker rages.
A meat beast comes into view.
The meat berserker rages.
The accursed points at you and mumbles some strange words.
Something smites you!
* * * LOW HITPOINT WARNING * * *
An accursed comes into view.
The accursed is engulfed in blazing flames.
The accursed gestures at you while chanting.
Something smites you!
* * * LOW HITPOINT WARNING * * *
The accursed casts a spell at you. Something smites you!
* * * LOW HITPOINT WARNING * * *
The meat berserker is engulfed in blazing flames.
The meat berserker hits you with a +9 battleaxe!!!!
You die...

.oOo#_.<)_#....M.
.o..#..))2#M....o#
...Lo§X_).oM.O.OOO
L..oOo###).M..oo..
.###.oo))o○###OOo.
#.M)O)O2#oo)oz.
..#.V.O)§°#§ooM..
..zO.M.o)§§§Ooooz.
..o.L○O.)O@O2..#..
...V..o..§)§O.#o..
.......M....##o...
..#.o...W..#......
......O....#...###
##.#............
...............
..#.....####..


You could see 7 accurseds, 3 meat beasts, 2 tyrants, 2 destroyers, 2 sculptors
of flesh, 3 large bags of meat, a dread, 13 meat berserkers and 24 bags of meat.

Vanquished Creatures
  Sigmund (D)
  7 hell beasts (D)
  2 royal mummies (D)
  2 wraiths (D)
  Harold (D)
  12 vampire knights (D)
  27 ogres (D)
  7 two-headed ogres (D)
  2 liches (D)
  45 orcs (D)
  9 skeletal warriors (D)
115 creatures vanquished.

Vanquished Creatures (others)
  2 two-headed ogres (D)
  3 orcs (D)
5 creatures vanquished.

Grand Total: 120 creatures vanquished

Notes
Turn   | Place    | Note
-------+----------+-------------------------------------------
     0 | D        | Found the +∞ Axe of Woe
     0 | D        | 123456 the Armataur Wanderer began the quest for the Orb.
     0 | D        | 123456 set off with the following items: a +0 club, a +0
                  | scale mail, 2 scrolls of blinking, a potion of
                  | lignification, a potion of curing, a potion of heal wounds,
                  | a potion of haste, 2 potions of magic, a potion of berserk
                  | rage; and the following spells available to memorise: Magic
                  | Dart, Searing Ray, Foxfire.
     0 | D        | Reached XP level 1. HP: 17/17 MP: 2/2
     2 | D        | Noticed a meat berserker
     2 | D        | Noticed a bag of meat
     2 | D        | Noticed a bag of meat
     3 | D        | Noticed a bag of meat
     3 | D        | Noticed a bag of meat
     4 | D        | Became a worshipper of Makhleb the Destroyer
     4 | D        | Noticed a bag of meat
     5 | D        | Killed a meat berserker
     5 | D        | Noticed a bag of meat
     5 | D        | Noticed a bag of meat
     6 | D        | Reached XP level 2. HP: 24/24 MP: 3/3
     6 | D        | Reached XP level 3. HP: 29/29 MP: 4/4
     6 | D        | Reached XP level 4. HP: 37/37 MP: 5/5
     6 | D        | Reached XP level 5. HP: 42/42 MP: 6/6
     6 | D        | Reached XP level 6. HP: 50/50 MP: 7/7
     6 | D        | Reached XP level 7. HP: 55/55 MP: 8/8
     6 | D        | Reached XP level 8. HP: 63/63 MP: 9/9
     6 | D        | Reached XP level 9. HP: 68/68 MP: 10/10
     6 | D        | Reached XP level 10. HP: 75/75 MP: 11/11
     6 | D        | Reached XP level 11. HP: 82/82 MP: 12/12
     6 | D        | Noticed a bag of meat
     6 | D        | Noticed a meat berserker
     6 | D        | Noticed a bag of meat
     7 | D        | Killed a bag of meat
     7 | D        | Reached * piety under Makhleb
     7 | D        | Noticed a meat berserker
     8 | D        | Reached XP level 12. HP: 90/90 MP: 12/14
     8 | D        | Killed a bag of meat
     9 | D        | Reached skill level 15 in Armour
     9 | D        | Reached XP level 13. HP: 99/99 MP: 12/16
     9 | D        | Killed a meat berserker
     9 | D        | Noticed a meat berserker
     9 | D        | Noticed a meat berserker
    10 | D        | Reached skill level 15 in Conjurations
    10 | D        | Killed a bag of meat
    10 | D        | Reached ** piety under Makhleb
    10 | D        | Killed a bag of meat
    11 | D        | Reached XP level 14. HP: 111/111 MP: 12/19
    11 | D        | Killed a bag of meat
    12 | D        | Noticed a bag of meat
    13 | D        | Killed a bag of meat
    13 | D        | Reached *** piety under Makhleb
    13 | D        | Killed a bag of meat
    13 | D        | Noticed a bag of meat
    14 | D        | Reached skill level 5 in Fighting
    14 | D        | Reached XP level 15. HP: 120/120 MP: 12/21
    14 | D        | Noticed a meat berserker
    15 | D        | Killed a meat berserker
    16 | D        | Reached skill level 27 in Armour
    16 | D        | Reached skill level 5 in Evocations
    16 | D        | Killed a meat berserker
    16 | D        | Reached **** piety under Makhleb
    16 | D        | Killed a meat berserker
    17 | D        | Reached XP level 16. HP: 142/142 MP: 13/25
    18 | D        | Reached skill level 27 in Conjurations
    18 | D        | Killed a meat berserker
    19 | D        | Reached skill level 27 in Axes
    19 | D        | Reached skill level 5 in Throwing
    20 | D        | Reached ***** piety under Makhleb
    21 | D        | Reached skill level 15 in Fighting
    21 | D        | Noticed a large bag of meat
    22 | D        | Reached skill level 10 in Spellcasting
    22 | D        | Reached XP level 17. HP: 181/181 MP: 13/31
    22 | D        | Noticed a destroyer
    24 | D        | Killed a large bag of meat
    24 | D        | Noticed a large bag of meat
    25 | D        | Noticed a destroyer
    25 | D        | Reached ****** piety under Makhleb
    25 | D        | Killed a destroyer
    25 | D        | Noticed a destroyer
    26 | D        | Reached skill level 27 in Fighting
    26 | D        | Reached skill level 15 in Spellcasting
    26 | D        | Reached XP level 18. HP: 214/214 MP: 14/37
    26 | D        | Noticed a destroyer
    27 | D        | Noticed a large bag of meat
    27 | D        | Noticed a large bag of meat
    27 | D        | Noticed a destroyer
    28 | D        | Killed a destroyer
    28 | D        | Killed a large bag of meat
    29 | D        | Reached skill level 15 in Throwing
    29 | D        | Noticed a large bag of meat
    29 | D        | Killed a large bag of meat
    30 | D        | Reached XP level 19. HP: 180/221 MP: 15/45
    30 | D        | Killed a destroyer
    30 | D        | Killed a destroyer
    30 | D        | Noticed a meat berserker
    31 | D        | Reached skill level 27 in Evocations
    31 | D        | Noticed a meat berserker
    31 | D        | Noticed a destroyer
    31 | D        | Noticed The Servant
    33 | D        | Killed a large bag of meat
    33 | D        | Killed a destroyer
    34 | D        | Reached skill level 27 in Throwing
    34 | D        | Reached skill level 27 in Spellcasting
    34 | D        | Reached XP level 20. HP: 193/231 MP: 16/51
    34 | D        | Noticed a destroyer
    35 | D        | Noticed a destroyer
    37 | D        | Reached skill level 5 in Stealth
    37 | D        | Reached skill level 5 in Shields
    37 | D        | Killed a meat berserker
    37 | D        | Killed a meat berserker
    38 | D        | Reached skill level 5 in Long Blades
    38 | D        | Reached skill level 5 in Maces & Flails
    38 | D        | Reached skill level 5 in Staves
    38 | D        | Reached skill level 5 in Dodging
    38 | D        | Reached skill level 5 in Summonings
    38 | D        | Reached skill level 5 in Necromancy
    38 | D        | Killed a large bag of meat
    39 | D        | Reached skill level 5 in Ranged Weapons
    39 | D        | Reached skill level 10 in Stealth
    39 | D        | Reached XP level 21. HP: 185/239 MP: 17/52
    39 | D        | Killed a destroyer
    40 | D        | Reached skill level 10 in Shields
    40 | D        | Killed a destroyer
    40 | D        | Noticed a large bag of meat
    41 | D        | Reached skill level 10 in Translocations
    41 | D        | Reached skill level 10 in Invocations
    42 | D        | Noticed a destroyer
    43 | D        | Killed The Servant
    44 | D        | Reached skill level 10 in Summonings
    44 | D        | Reached skill level 10 in Necromancy
    44 | D        | Reached XP level 22. HP: 208/249 MP: 18/53
    45 | D        | Reached skill level 10 in Long Blades
    45 | D        | Reached skill level 10 in Maces & Flails
    45 | D        | Reached skill level 10 in Staves
    46 | D        | Killed a destroyer
    47 | D        | Reached skill level 10 in Polearms
    47 | D        | Reached skill level 10 in Dodging
    47 | D        | Reached skill level 15 in Stealth
    48 | D        | Killed a destroyer
    49 | D        | Reached skill level 10 in Ranged Weapons
    49 | D        | Reached skill level 15 in Shields
    49 | D        | Reached XP level 23. HP: 247/256 MP: 19/54
    49 | D        | Noticed an accursed
    50 | D        | Noticed a tyrant
    51 | D        | Killed an accursed
    52 | D        | Reached skill level 15 in Translocations
    52 | D        | Reached skill level 15 in Invocations
    54 | D        | Killed a large bag of meat
    55 | D        | Noticed a destroyer
    56 | D        | Reached skill level 15 in Hexes
    56 | D        | Noticed a destroyer
    57 | D        | Killed a destroyer
    57 | D        | Noticed an accursed
    58 | D        | Reached skill level 15 in Short Blades
    58 | D        | Reached skill level 15 in Unarmed Combat
    58 | D        | Reached skill level 15 in Transmutations
    58 | D        | Reached skill level 15 in Fire Magic
    58 | D        | Reached skill level 15 in Ice Magic
    58 | D        | Reached skill level 15 in Air Magic
    58 | D        | Reached skill level 15 in Earth Magic
    58 | D        | Reached skill level 15 in Poison Magic
    58 | D        | Noticed a large bag of meat
    58 | D        | Noticed The Captor
    59 | D        | Reached XP level 24. HP: 254/266 MP: 22/54
    59 | D        | Killed a destroyer
    60 | D        | Reached skill level 15 in Summonings
    60 | D        | Reached skill level 15 in Necromancy
    60 | D        | Noticed a large bag of meat
    60 | D        | Noticed a large bag of meat
    61 | D        | Reached skill level 15 in Long Blades
    61 | D        | Reached skill level 15 in Maces & Flails
    61 | D        | Reached skill level 15 in Staves
    61 | D        | Noticed a meat beast
    63 | D        | Noticed a destroyer
    64 | D        | Noticed a dread
    64 | D        | Noticed an accursed
    64 | D        | Noticed a dread
    65 | D        | Killed The Captor
    65 | D        | Killed a destroyer
    66 | D        | Reached XP level 25. HP: 181/274 MP: 24/54
    66 | D        | Noticed an accursed
    66 | D        | Killed a meat beast
    66 | D        | Noticed a large bag of meat
    67 | D        | Reached skill level 15 in Ranged Weapons
    67 | D        | Reached XP level 26. HP: 158/284 MP: 24/54
    67 | D        | Noticed a meat beast
    67 | D        | Noticed a meat beast
    68 | D        | Noticed an accursed
    68 | D        | Noticed a tyrant
    68 | D        | Noticed a meat beast
    69 | D        | Noticed a large bag of meat
    69 | D        | Noticed a meat beast
    70 | D        | Noticed a meat beast
    72 | D        | Killed a meat beast
    72 | D        | Noticed a meat beast
    72 | D        | Noticed an accursed
    72 | D        | Noticed an accursed
    73 | D        | Reached skill level 27 in Stealth
    73 | D        | Reached XP level 27. HP: 118/292 MP: 26/54
    73 | D        | Killed a large bag of meat
    73 | D        | Noticed a dread
    74 | D        | Killed a meat beast
    74 | D        | Killed a meat beast
    74 | D        | Noticed an accursed
    75 | D        | Reached skill level 27 in Shields
    75 | D        | Killed a meat beast
    75 | D        | Noticed a meat beast
    75 | D        | Noticed a large bag of meat
    76 | D        | Killed an accursed
    76 | D        | Killed a large bag of meat
    77 | D        | Killed a meat beast
    77 | D        | Killed a dread
    77 | D        | Noticed a meat beast
    77 | D        | Noticed a destroyer
    77 | D        | Noticed a tyrant
    77 | D        | Noticed a tyrant
    77 | D        | Noticed an accursed
    77 | D        | Killed a large bag of meat
    78 | D        | Reached skill level 27 in Translocations
    78 | D        | Reached skill level 27 in Invocations
    78 | D        | Killed a tyrant
    79 | D        | Noticed a destroyer
    79 | D        | Killed a meat beast
    79 | D        | Killed a tyrant
    79 | D        | Killed a dread
    79 | D        | Noticed a meat beast
    79 | D        | Noticed an accursed
    79 | D        | Annihilated by a meat berserker

Illustrated notes

Levels and vault maps discovered:
D:        meatsprint

Skill      XL: |  1  2  3  4  5  6  7  8  9 10 11 12 13 14 15 16 17 18 19 20 21 22 23 24 25 26 27 |
---------------+----------------------------------------------------------------------------------+-----
Axes           | 24 25 27 | 27.0
Armour         | 11 15 22 26 27 | 27.0
Conjurations   | 9 11 17 20 26 27 | 27.0
Evocations     | 2 3 4 6 12 17 25 27 | 27.0
Fighting       | 2 4 5 9 20 27 | 27.0
Spellcasting   | 2 3 4 6 10 15 22 27 | 27.0
Throwing       | 3 7 11 16 27 | 27.0
Short Blades   | 7 11 13 15 19 20 21 25 | 25.5
Long Blades    | 6 9 11 14 17 18 19 23 | 23.9
Maces & Flails | 6 9 11 14 17 18 19 23 | 23.9
Polearms       | 6 9 10 13 16 18 22 | 22.2
Staves         | 6 9 11 14 17 18 19 23 | 23.9
Ranged Weapons | 5 8 10 11 14 15 16 20 | 20.5
Dodging        | 6 9 11 13 16 17 18 22 | 22.0
Stealth        | 10 14 16 19 24 25 27 | 27.0
Shields        | 9 13 15 18 22 23 25 27 | 27.0
Unarmed Combat | 7 11 13 15 19 20 21 25 | 25.5
Hexes          | 7 11 13 15 19 20 21 25 | 25.5
Summonings     | 6 10 12 14 17 18 20 24 | 24.0
Necromancy     | 6 10 12 14 17 18 20 23 | 23.7
Translocations | 8 11 14 16 20 21 23 27 | 27.0
Transmutations | 7 11 13 15 19 20 21 25 | 25.6
Fire Magic     | 7 11 13 15 19 20 21 25 | 25.5
Ice Magic      | 7 11 13 15 19 20 21 25 | 25.5
Air Magic      | 7 11 13 15 19 20 21 25 | 25.9
Earth Magic    | 7 11 13 15 19 20 21 25 | 25.9
Poison Magic   | 7 11 13 15 19 20 21 25 | 25.9
Invocations    | 8 11 14 16 20 21 23 27 | 27.0

Action                     |  1- 3 |  4- 6 |  7- 9 | 10-12 | 13-15 | 16-18 | 19-21 | 22-24 | 25-27 || total
---------------------------+-------+-------+-------+-------+-------+-------+-------+-------+-------++-------
  Melee: Executioner's axe |     1 |       |       |     2 |     6 |    11 |    11 |    17 |    14 ||    62
 Armour: Scale mail        |       |       |       |       |       |       |       |       |     2 ||     2
  Dodge: Dodged            |       |       |       |       |       |       |       |     1 |     2 ||     3

Table legend: (Time is in decaauts)
 A = Elapsed time spent in this place.
 B = Non-inter-level travel time spent in this place.
 C = Inter-level travel time spent in this place.
 D = Time resting spent in this place.
 E = Time spent auto-exploring this place.
 F = Levels seen in this place.
 G = Mean time per level.
                   A        B        C        D        E       F      G
               +--------+--------+--------+--------+--------+-----+--------+
         Total |     62 |     62 |      0 |      0 |      0 |   1 |   62.0 |
       Dungeon |     62 |     62 |      0 |      0 |      0 |   1 |   62.0 |
               +--------+--------+--------+--------+--------+-----+--------+

Top non-repeatable levels by time:
       D: 62 daAuts
